[ PARTIDA AOE2 · #471356627 ]
UnrankedYurchen vs Spanish
[ ANÁLISIS DE REPETICIÓN · EXTRAÍDO DE LA PARTIDA GRABADA ]
Feudal
13:14
Castillos
—
Imperial
—
| APM promedio | 5.4 |
| APM pico | 49 |
| eAPM promedio | 4.1 |
| Aldeanos / militares | 25 / 0 |
Foco
⚔️ 4.8% · 🌾 95.2%
Fishing Ship ×4
Feudal
14:08
Castillos
24:48
Imperial
—
| APM promedio | 24.7 |
| APM pico | 53 |
| eAPM promedio | 10.5 |
| Aldeanos / militares | 48 / 27 |
Foco
⚔️ 16.5% · 🌾 83.5%
Skirmisher ×11 · Scout Cavalry ×5 · Cavalry Archer ×5 · Spearman ×4 · Knight ×2
Feudal
13:54
Castillos
19:57
Imperial
—
| APM promedio | 27.1 |
| APM pico | 66 |
| eAPM promedio | 13.0 |
| Aldeanos / militares | 71 / 25 |
Foco
⚔️ 23.3% · 🌾 76.7%
Conquistador ×20 · Spearman ×5
Feudal
11:30
Castillos
16:58
Imperial
—
| APM promedio | 28.3 |
| APM pico | 62 |
| eAPM promedio | 16.2 |
| Aldeanos / militares | 88 / 12 |
Foco
⚔️ 11.5% · 🌾 88.5%
Fishing Ship ×17 · Cavalry Archer ×11 · Demolition Raft ×1
Feudal
13:55
Castillos
23:27
Imperial
—
| APM promedio | 21.5 |
| APM pico | 69 |
| eAPM promedio | 12.3 |
| Aldeanos / militares | 60 / 17 |
Foco
⚔️ 9.6% · 🌾 90.4%
Fishing Ship ×41 · Monaspa ×17 · Unknown (2626) ×11
Feudal
10:58
Castillos
24:30
Imperial
—
| APM promedio | 8.7 |
| APM pico | 14 |
| eAPM promedio | 6.8 |
| Aldeanos / militares | 62 / 3 |
Foco
⚔️ 20.8% · 🌾 79.2%
Fishing Ship ×14 · Unknown (2626) ×4 · Spearman ×2 · Trade Cart ×2 · Monk ×1
Feudal
10:52
Castillos
24:10
Imperial
—
| APM promedio | 15.3 |
| APM pico | 27 |
| eAPM promedio | 11.4 |
| Aldeanos / militares | 86 / 14 |
Foco
⚔️ 11.7% · 🌾 88.3%
Spearman ×10 · Monk ×4
Feudal
13:24
Castillos
28:20
Imperial
—
| APM promedio | 11.7 |
| APM pico | 52 |
| eAPM promedio | 6.7 |
| Aldeanos / militares | 60 / 14 |
Foco
⚔️ 14.1% · 🌾 85.9%
Scout Cavalry ×14 · Fishing Ship ×4
Mapa de la partida
Recursos iniciales + cada clic de construcción. Líneas = muros · curvas = relieve. ◆ oro · ⬟ piedra · ● bayas · ✦ reliquia · ◌ hueco del cierre
Tu base· Abierta — flanco sin cerrar
Base de Sirbors!!· Abierta — flanco sin cerrar
Base de Hanzani· Abierta — hueco de 8t
Base de pohuito ergo sum· Abierta — flanco sin cerrar
Base de Aurora· Abierta — flanco sin cerrar
Base de ~~· Abierta — hueco de 4t
Base de rodrigoalex3500· Abierta — flanco sin cerrar
Base de Nino der Dino· Abierta — flanco sin cerrar
Terreno inicial suavizado · ◌ = hueco del cierre detectado · pasá el cursor para detalles
Inputs por minuto
— vevix22 - - Sirbors!!
Build order — vevix22
57 acciones detectadas en el replay
| 0:10 | Construir | House |
| 0:12 | Construir | House |
| 0:13 | Crear | Villager (Male) |
| 0:14 | Crear | Villager (Male) |
| 0:14 | Crear | Villager (Male) |
| 0:14 | Crear | Villager (Male) |
| 0:14 | Crear | Villager (Male) |
| 1:20 | Investigar | Loom |
| 2:26 | Crear | Villager (Male) |
| 2:57 | Crear | Villager (Male) |
| 2:58 | Crear | Villager (Male) |
| 3:08 | Construir | Lumber Camp |
| 3:14 | Crear | Villager (Male) |
| 4:04 | Crear | Villager (Male) |
| 4:05 | Crear | Villager (Male) |
| 4:29 | Construir | House |
| 4:30 | Construir | House |
| 4:39 | Crear | Villager (Male) |
| 4:39 | Crear | Villager (Male) |
| 5:03 | Crear | Villager (Male) |
| 5:03 | Crear | Villager (Male) |
| 6:04 | Crear | Villager (Male) |
| 6:04 | Crear | Villager (Male) |
| 6:05 | Crear | Villager (Male) |
| 6:42 | Construir | Dock |
| 8:07 | Construir | Mining Camp |
| 8:35 | Construir | Mill |
| 8:51 | Crear | Fishing Ship |
| 8:51 | Crear | Fishing Ship |
| 8:52 | Crear | Fishing Ship |
| 10:25 | Crear | Villager (Male) |
| 10:58 | Construir | House |
| 11:01 | Construir | House |
| 11:04 | Investigar | Feudal Age |
| 11:07 | Crear | Villager (Male) |
| 12:18 | Construir | House |
| 12:20 | Construir | House |
| 12:21 | Construir | House |
| 12:23 | Construir | House |
| 12:24 | Construir | House |
| 12:26 | Construir | House |
| 12:34 | Construir | Barracks |
| 12:48 | Crear | Villager (Male) |
| 12:49 | Crear | Villager (Male) |
| 12:56 | Crear | Fishing Ship |
| 13:14 | Edad | Edad Feudal |
| 13:20 | Investigar | Double-Bit Axe |
| 13:23 | Investigar | Horse Collar |
| 13:27 | Investigar | Gold Mining |
| 13:30 | Investigar | Stone Mining |
| 13:32 | Crear | Villager (Male) |
| 13:34 | Crear | Villager (Male) |
| 13:36 | Crear | Villager (Male) |
| 14:09 | Construir | Blacksmith |
| 14:14 | Construir | Market |
| 14:44 | Investigar | Tech 906 |
| 15:05 | Construir | Farm |
Build order — Sirbors!!
102 acciones detectadas en el replay
| 0:17 | Crear | Villager (Male) |
| 0:18 | Crear | Villager (Male) |
| 0:18 | Crear | Villager (Male) |
| 0:18 | Crear | Villager (Male) |
| 0:18 | Crear | Villager (Male) |
| 0:19 | Crear | Villager (Male) |
| 1:47 | Crear | Villager (Male) |
| 2:07 | Crear | Villager (Male) |
| 2:07 | Crear | Villager (Male) |
| 2:36 | Crear | Villager (Male) |
| 2:36 | Crear | Villager (Male) |
| 2:48 | Crear | Villager (Male) |
| 2:48 | Crear | Villager (Male) |
| 3:18 | Crear | Villager (Male) |
| 3:57 | Crear | Villager (Male) |
| 4:43 | Crear | Villager (Male) |
| 4:44 | Crear | Villager (Male) |
| 4:44 | Crear | Villager (Male) |
| 4:44 | Crear | Villager (Male) |
| 4:45 | Crear | Villager (Male) |
| 6:10 | Crear | Villager (Male) |
| 6:32 | Crear | Villager (Male) |
| 6:33 | Crear | Villager (Male) |
| 6:49 | Crear | Villager (Male) |
| 7:02 | Crear | Villager (Male) |
| 10:44 | Construir | Lumber Camp |
| 11:08 | Investigar | Loom |
| 11:13 | Construir | Mill |
| 11:52 | Construir | Farm |
| 11:56 | Construir | Farm |
| 11:58 | Investigar | Feudal Age |
| 11:58 | Investigar | Feudal Age |
| 12:32 | Crear | Villager (Male) |
| 12:32 | Crear | Villager (Male) |
| 12:48 | Construir | Farm |
| 12:53 | Construir | Farm |
| 12:56 | Construir | Farm |
| 13:22 | Crear | Villager (Male) |
| 13:48 | Construir | Barracks |
| 14:08 | Edad | Edad Feudal |
| 14:14 | Investigar | Double-Bit Axe |
| 14:44 | Construir | Farm |
| 14:48 | Crear | Villager (Male) |
| 15:01 | Construir | Stable |
| 15:16 | Crear | Villager (Male) |
| 15:40 | Construir | Farm |
| 15:44 | Construir | Farm |
| 15:45 | Crear | Villager (Male) |
| 16:14 | Construir | Blacksmith |
| 16:18 | Investigar | Bloodlines |
| 16:23 | Construir | Farm |
| 16:27 | Construir | Farm |
| 16:29 | Crear | Villager (Male) |
| 16:48 | Crear | Scout Cavalry |
| 16:48 | Crear | Scout Cavalry |
| 17:00 | Investigar | Scale Barding Armor |
| 17:06 | Construir | Farm |
| 17:07 | Crear | Villager (Male) |
| 17:17 | Construir | Farm |
| 17:30 | Crear | Villager (Male) |
| 17:41 | Construir | Farm |
| 17:49 | Crear | Villager (Male) |
| 18:01 | Crear | Villager (Male) |
| 18:04 | Construir | Farm |
| 18:08 | Crear | Villager (Male) |
| 18:15 | Crear | Scout Cavalry |
| 18:26 | Crear | Villager (Male) |
| 18:36 | Crear | Scout Cavalry |
| 18:42 | Construir | Farm |
| 19:16 | Crear | Scout Cavalry |
| 19:29 | Crear | Villager (Male) |
| 19:31 | Crear | Villager (Male) |
| 19:34 | Construir | Farm |
| 19:37 | Construir | Farm |
| 19:56 | Crear | Villager (Male) |
| 20:00 | Construir | Farm |
| 20:05 | Crear | Villager (Male) |
| 20:26 | Construir | Market |
| 20:37 | Investigar | Forging |
| 20:37 | Investigar | Forging |
| 22:08 | Investigar | Castle Age |
| 22:29 | Investigar | Fletching |
| 22:37 | Construir | Lumber Camp |
| 22:39 | Construir | Archery Range |
| 22:45 | Investigar | Horse Collar |
| 22:45 | Investigar | Horse Collar |
| 23:12 | Crear | Spearman ×4 |
| 23:52 | Crear | Villager (Male) |
| 24:48 | Edad | Edad de los Castillos |
| 24:57 | Construir | Town Center |
| 25:02 | Crear | Cavalry Archer ×5 |
| 25:06 | Crear | Knight |
| 25:07 | Crear | Knight |
| 25:14 | Crear | Villager (Male) |
| 25:14 | Crear | Villager (Male) |
| 25:18 | Crear | Villager (Male) |
| 25:42 | Crear | Skirmisher ×5 |
| 25:49 | Crear | Villager (Male) |
| 25:50 | Crear | Villager (Male) |
| 26:24 | Construir | Farm |
| 26:46 | Crear | Skirmisher ×5 |
| 27:37 | Crear | Skirmisher |
Build order — Hanzani
Primeras 150 de 170 acciones detectadas
| 0:01 | Crear | Villager (Male) |
| 0:02 | Crear | Villager (Male) |
| 0:02 | Crear | Villager (Male) |
| 0:02 | Crear | Villager (Male) |
| 0:03 | Crear | Villager (Male) |
| 0:06 | Construir | House |
| 0:08 | Construir | House |
| 1:58 | Crear | Villager (Male) |
| 1:58 | Crear | Villager (Male) |
| 2:40 | Crear | Villager (Male) |
| 2:40 | Crear | Villager (Male) |
| 2:59 | Crear | Villager (Male) |
| 2:59 | Crear | Villager (Male) |
| 3:23 | Construir | Lumber Camp |
| 3:28 | Crear | Villager (Male) |
| 3:29 | Crear | Villager (Male) |
| 3:29 | Crear | Villager (Male) |
| 4:17 | Crear | Villager (Male) |
| 4:28 | Construir | Mill |
| 4:36 | Crear | Villager (Male) |
| 4:47 | Construir | House |
| 4:50 | Construir | House |
| 5:19 | Crear | Villager (Male) |
| 5:20 | Crear | Villager (Male) |
| 6:04 | Crear | Villager (Male) |
| 6:05 | Crear | Villager (Male) |
| 6:39 | Construir | Palisade Wall |
| 6:45 | Crear | Villager (Male) |
| 7:15 | Crear | Villager (Male) |
| 7:17 | Crear | Villager (Male) |
| 7:35 | Construir | Palisade Wall |
| 7:48 | Crear | Villager (Male) |
| 7:49 | Crear | Villager (Male) |
| 7:49 | Crear | Villager (Male) |
| 7:49 | Crear | Villager (Male) |
| 8:06 | Construir | House |
| 8:15 | Construir | Mining Camp |
| 8:21 | Investigar | Loom |
| 8:30 | Crear | Villager (Male) |
| 8:31 | Crear | Villager (Male) |
| 8:31 | Crear | Villager (Male) |
| 8:32 | Crear | Villager (Male) |
| 9:03 | Construir | Farm |
| 9:06 | Construir | Farm |
| 10:09 | Construir | Farm |
| 10:34 | Construir | Farm |
| 10:40 | Crear | Villager (Male) |
| 10:40 | Crear | Villager (Male) |
| 10:45 | Construir | Mining Camp |
| 11:24 | Construir | Palisade Wall |
| 11:31 | Construir | House |
| 11:32 | Construir | House |
| 11:37 | Investigar | Feudal Age |
| 12:19 | Construir | House |
| 12:42 | Construir | Farm |
| 12:57 | Construir | Barracks |
| 13:25 | Crear | Villager (Male) |
| 13:25 | Crear | Villager (Male) |
| 13:54 | Edad | Edad Feudal |
| 13:57 | Crear | Spearman |
| 13:58 | Crear | Spearman |
| 14:08 | Construir | Blacksmith |
| 14:41 | Crear | Villager (Male) |
| 15:06 | Crear | Spearman |
| 15:58 | Crear | Villager (Male) |
| 16:07 | Construir | Market |
| 16:10 | Construir | House |
| 16:37 | Construir | Lumber Camp |
| 17:02 | Construir | Farm |
| 17:17 | Investigar | Castle Age |
| 17:26 | Construir | Farm |
| 18:04 | Investigar | Double-Bit Axe |
| 18:28 | Construir | Farm |
| 18:51 | Construir | Farm |
| 18:54 | Construir | House |
| 19:01 | Construir | Farm |
| 19:40 | Crear | Spearman |
| 19:57 | Edad | Edad de los Castillos |
| 20:06 | Construir | Town Center |
| 20:11 | Investigar | Wheelbarrow |
| 20:15 | Crear | Spearman |
| 20:22 | Construir | Castle |
| 20:49 | Construir | Farm |
| 21:20 | Construir | Farm |
| 21:38 | Construir | Lumber Camp |
| 21:42 | Crear | Villager (Male) |
| 21:44 | Crear | Conquistador |
| 21:58 | Crear | Conquistador |
| 22:06 | Crear | Villager (Male) |
| 22:07 | Crear | Villager (Male) |
| 22:18 | Construir | Farm |
| 22:22 | Construir | Farm |
| 22:33 | Crear | Conquistador |
| 22:35 | Crear | Conquistador |
| 22:36 | Crear | Villager (Male) |
| 23:00 | Crear | Villager (Male) |
| 23:00 | Crear | Villager (Male) |
| 23:11 | Crear | Conquistador |
| 23:14 | Construir | Farm |
| 23:30 | Construir | Farm |
| 23:33 | Crear | Conquistador |
| 23:38 | Construir | Farm |
| 23:45 | Crear | Villager (Male) |
| 23:46 | Crear | Villager (Male) |
| 23:54 | Construir | Farm |
| 23:56 | Crear | Conquistador |
| 24:03 | Crear | Villager (Male) |
| 24:22 | Crear | Conquistador |
| 24:26 | Construir | Stable |
| 24:32 | Crear | Conquistador |
| 24:38 | Crear | Villager (Male) |
| 24:55 | Crear | Villager (Male) |
| 24:59 | Investigar | Padded Archer Armor |
| 25:06 | Crear | Villager (Male) |
| 25:10 | Construir | Farm |
| 25:13 | Construir | Farm |
| 25:43 | Crear | Conquistador |
| 25:43 | Crear | Conquistador |
| 25:46 | Crear | Villager (Male) |
| 25:47 | Crear | Villager (Male) |
| 25:51 | Construir | Farm |
| 25:52 | Construir | Farm |
| 26:24 | Crear | Conquistador |
| 26:31 | Crear | Conquistador |
| 26:32 | Crear | Villager (Male) |
| 26:32 | Crear | Villager (Male) |
| 26:58 | Crear | Conquistador |
| 27:00 | Crear | Villager (Male) |
| 27:09 | Investigar | Husbandry |
| 27:13 | Crear | Villager (Male) |
| 27:13 | Crear | Villager (Male) |
| 27:24 | Construir | Town Center |
| 27:48 | Crear | Conquistador |
| 27:49 | Crear | Villager (Male) |
| 27:49 | Crear | Villager (Male) |
| 27:52 | Crear | Villager (Male) |
| 28:55 | Crear | Conquistador |
| 28:56 | Crear | Villager (Male) |
| 28:57 | Crear | Villager (Male) |
| 28:57 | Crear | Villager (Male) |
| 28:57 | Crear | Villager (Male) |
| 29:01 | Construir | Farm |
| 29:01 | Construir | Farm |
| 29:01 | Construir | Farm |
| 29:01 | Construir | Farm |
| 29:02 | Construir | Farm |
| 29:02 | Construir | Farm |
| 29:06 | Construir | House |
| 29:06 | Construir | House |
| 29:06 | Construir | House |
Build order — pohuito ergo sum
Primeras 150 de 202 acciones detectadas
| 0:06 | Construir | House |
| 0:08 | Construir | House |
| 0:14 | Crear | Villager (Male) |
| 0:15 | Crear | Villager (Male) |
| 0:15 | Crear | Villager (Male) |
| 0:15 | Crear | Villager (Male) |
| 0:15 | Crear | Villager (Male) |
| 0:16 | Investigar | Loom |
| 1:56 | Crear | Villager (Male) |
| 1:56 | Crear | Villager (Male) |
| 1:56 | Crear | Villager (Male) |
| 3:16 | Construir | Lumber Camp |
| 3:18 | Crear | Villager (Male) |
| 3:18 | Crear | Villager (Male) |
| 3:19 | Crear | Villager (Male) |
| 3:19 | Crear | Villager (Male) |
| 3:19 | Crear | Villager (Male) |
| 3:47 | Construir | House |
| 3:54 | Construir | House |
| 4:24 | Crear | Villager (Male) |
| 4:24 | Crear | Villager (Male) |
| 4:25 | Crear | Villager (Male) |
| 4:50 | Crear | Villager (Male) |
| 4:51 | Crear | Villager (Male) |
| 4:52 | Crear | Villager (Male) |
| 4:54 | Crear | Villager (Male) |
| 6:02 | Construir | House |
| 6:03 | Construir | House |
| 7:08 | Crear | Villager (Male) |
| 7:11 | Crear | Villager (Male) |
| 7:12 | Crear | Villager (Male) |
| 7:13 | Investigar | Loom |
| 7:46 | Construir | Mining Camp |
| 8:04 | Construir | Dock |
| 8:30 | Construir | House |
| 9:10 | Construir | Lumber Camp |
| 9:20 | Investigar | Feudal Age |
| 9:31 | Crear | Fishing Ship |
| 10:31 | Construir | House |
| 10:32 | Construir | House |
| 11:30 | Edad | Edad Feudal |
| 11:44 | Construir | Blacksmith |
| 12:30 | Construir | Mill |
| 12:42 | Crear | Villager (Male) |
| 12:43 | Crear | Villager (Male) |
| 13:04 | Construir | Market |
| 13:26 | Crear | Villager (Male) |
| 14:04 | Construir | Farm |
| 14:04 | Construir | Farm |
| 14:04 | Construir | Farm |
| 14:18 | Investigar | Castle Age |
| 14:53 | Construir | House |
| 14:57 | Construir | Palisade Wall |
| 15:06 | Construir | House |
| 15:13 | Construir | Barracks |
| 15:19 | Crear | Fishing Ship |
| 15:20 | Crear | Fishing Ship |
| 15:24 | Crear | Fishing Ship |
| 15:24 | Crear | Fishing Ship |
| 15:37 | Construir | Farm |
| 15:45 | Investigar | Double-Bit Axe |
| 16:15 | Crear | Villager (Male) |
| 16:16 | Crear | Villager (Male) |
| 16:21 | Crear | Demolition Raft |
| 16:24 | Crear | Fishing Ship |
| 16:58 | Edad | Edad de los Castillos |
| 17:04 | Crear | Villager (Male) |
| 17:11 | Construir | Town Center |
| 17:28 | Crear | Villager (Male) |
| 17:31 | Construir | Farm |
| 17:51 | Construir | Archery Range |
| 17:58 | Investigar | Fletching |
| 18:07 | Construir | Farm |
| 18:21 | Construir | Farm |
| 18:28 | Crear | Villager (Male) |
| 18:28 | Crear | Villager (Male) |
| 18:35 | Crear | Villager (Male) |
| 18:40 | Construir | Farm |
| 18:52 | Crear | Villager (Male) |
| 18:57 | Construir | Farm |
| 19:07 | Crear | Villager (Male) |
| 19:12 | Crear | Villager (Male) |
| 19:16 | Construir | Farm |
| 19:19 | Crear | Cavalry Archer |
| 19:23 | Crear | Cavalry Archer |
| 19:25 | Construir | Farm |
| 19:27 | Crear | Villager (Male) |
| 19:31 | Crear | Villager (Male) |
| 19:35 | Construir | Farm |
| 19:49 | Crear | Cavalry Archer |
| 19:52 | Crear | Villager (Male) |
| 20:00 | Construir | Farm |
| 20:03 | Construir | Farm |
| 20:05 | Crear | Villager (Male) |
| 20:14 | Construir | Farm |
| 20:16 | Crear | Villager (Male) |
| 20:23 | Crear | Cavalry Archer |
| 20:35 | Crear | Fishing Ship |
| 20:35 | Crear | Fishing Ship |
| 20:54 | Crear | Villager (Male) |
| 21:01 | Crear | Villager (Male) |
| 21:10 | Investigar | Bodkin Arrow |
| 21:12 | Crear | Cavalry Archer |
| 21:20 | Construir | Stable |
| 21:26 | Crear | Fishing Ship |
| 21:39 | Investigar | Bow Saw |
| 21:52 | Crear | Villager (Male) |
| 21:53 | Crear | Villager (Male) |
| 22:16 | Construir | University |
| 22:24 | Crear | Cavalry Archer |
| 22:27 | Investigar | Husbandry |
| 22:30 | Crear | Villager (Male) |
| 22:32 | Crear | Villager (Male) |
| 22:38 | Construir | House |
| 22:39 | Construir | House |
| 22:40 | Construir | House |
| 22:43 | Construir | House |
| 22:44 | Construir | House |
| 22:52 | Crear | Fishing Ship |
| 22:55 | Crear | Fishing Ship |
| 23:15 | Crear | Villager (Male) |
| 23:15 | Crear | Villager (Male) |
| 23:17 | Crear | Villager (Male) |
| 23:18 | Crear | Villager (Male) |
| 23:42 | Investigar | Ballistics |
| 23:42 | Investigar | Ballistics |
| 23:42 | Investigar | Ballistics |
| 24:37 | Construir | Town Center |
| 24:44 | Crear | Cavalry Archer |
| 24:44 | Crear | Cavalry Archer |
| 24:52 | Investigar | Thumb Ring |
| 24:56 | Crear | Villager (Male) |
| 24:56 | Crear | Villager (Male) |
| 24:57 | Crear | Villager (Male) |
| 24:58 | Crear | Villager (Male) |
| 25:23 | Crear | Villager (Male) |
| 25:25 | Crear | Villager (Male) |
| 25:28 | Construir | Mining Camp |
| 25:32 | Crear | Villager (Male) |
| 25:38 | Investigar | Wheelbarrow |
| 25:45 | Crear | Villager (Male) |
| 25:46 | Crear | Villager (Male) |
| 26:04 | Crear | Cavalry Archer |
| 26:04 | Crear | Cavalry Archer |
| 26:05 | Crear | Cavalry Archer |
| 26:29 | Crear | Villager (Male) |
| 26:29 | Crear | Villager (Male) |
| 26:30 | Crear | Villager (Male) |
| 26:33 | Crear | Villager (Male) |
| 26:36 | Crear | Villager (Male) |
Build order — Aurora
144 acciones detectadas en el replay
| 0:08 | Construir | House |
| 0:09 | Construir | House |
| 0:11 | Crear | Villager (Male) |
| 0:11 | Crear | Villager (Male) |
| 0:36 | Crear | Villager (Male) |
| 0:36 | Crear | Villager (Male) |
| 2:00 | Crear | Villager (Male) |
| 2:00 | Crear | Villager (Male) |
| 2:00 | Crear | Villager (Male) |
| 2:07 | Construir | House |
| 2:08 | Construir | House |
| 2:43 | Crear | Villager (Male) |
| 3:08 | Crear | Villager (Male) |
| 3:08 | Crear | Villager (Male) |
| 4:00 | Crear | Villager (Male) |
| 4:00 | Crear | Villager (Male) |
| 4:00 | Crear | Villager (Male) |
| 4:16 | Crear | Villager (Male) |
| 4:32 | Crear | Villager (Male) |
| 5:15 | Crear | Villager (Male) |
| 5:53 | Crear | Villager (Male) |
| 6:25 | Construir | Dock |
| 6:30 | Crear | Villager (Male) |
| 6:39 | Construir | Mule Cart |
| 6:44 | Crear | Villager (Male) |
| 7:17 | Construir | House |
| 7:18 | Construir | House |
| 7:21 | Construir | House |
| 7:22 | Construir | House |
| 7:25 | Crear | Villager (Male) |
| 7:25 | Crear | Villager (Male) |
| 7:25 | Crear | Villager (Male) |
| 7:26 | Crear | Villager (Male) |
| 7:33 | Crear | Fishing Ship |
| 7:33 | Crear | Fishing Ship |
| 8:04 | Crear | Villager (Male) |
| 8:08 | Crear | Fishing Ship |
| 8:30 | Crear | Fishing Ship |
| 8:51 | Construir | Dock |
| 9:12 | Construir | Mule Cart |
| 9:19 | Construir | House |
| 9:25 | Crear | Villager (Male) |
| 9:26 | Crear | Villager (Male) |
| 9:44 | Crear | Fishing Ship |
| 10:00 | Crear | Fishing Ship |
| 10:00 | Crear | Fishing Ship |
| 10:23 | Construir | Mule Cart |
| 10:41 | Crear | Fishing Ship |
| 11:27 | Crear | Fishing Ship |
| 11:29 | Crear | Fishing Ship |
| 11:45 | Investigar | Feudal Age |
| 12:17 | Crear | Fishing Ship |
| 12:18 | Crear | Fishing Ship |
| 12:49 | Crear | Fishing Ship |
| 12:50 | Crear | Fishing Ship |
| 13:18 | Crear | Fishing Ship |
| 13:20 | Crear | Fishing Ship |
| 13:46 | Crear | Fishing Ship |
| 13:52 | Crear | Villager (Male) |
| 13:52 | Crear | Villager (Male) |
| 13:52 | Crear | Villager (Male) |
| 13:52 | Crear | Villager (Male) |
| 13:55 | Edad | Edad Feudal |
| 14:04 | Construir | House |
| 14:06 | Construir | House |
| 14:07 | Construir | House |
| 14:09 | Construir | House |
| 14:10 | Construir | House |
| 14:13 | Construir | House |
| 14:13 | Construir | House |
| 14:15 | Construir | House |
| 14:31 | Crear | Villager (Male) |
| 14:32 | Crear | Villager (Male) |
| 14:43 | Investigar | Double-Bit Axe |
| 15:10 | Investigar | Tech 906 |
| 15:24 | Crear | Villager (Male) |
| 15:40 | Crear | Fishing Ship |
| 15:53 | Crear | Villager (Male) |
| 16:08 | Crear | Villager (Male) |
| 16:21 | Crear | Fishing Ship |
| 16:23 | Crear | Fishing Ship |
| 16:23 | Crear | Fishing Ship |
| 16:43 | Crear | Villager (Male) |
| 16:54 | Construir | Dock |
| 17:09 | Crear | Villager (Male) |
| 18:00 | Construir | Mill |
| 18:04 | Crear | Fishing Ship |
| 18:12 | Crear | Fishing Ship ×4 |
| 18:34 | Construir | Mule Cart |
| 18:55 | Construir | Blacksmith |
| 19:38 | Construir | Market |
| 19:45 | Crear | Unit 2626 |
| 19:45 | Crear | Unit 2626 |
| 20:02 | Crear | Unit 2626 |
| 20:02 | Crear | Unit 2626 |
| 20:35 | Crear | Unit 2626 ×3 |
| 20:47 | Investigar | Castle Age |
| 20:53 | Crear | Unit 2626 |
| 20:55 | Crear | Unit 2626 |
| 22:54 | Crear | Unit 2626 |
| 22:54 | Crear | Unit 2626 |
| 23:20 | Crear | Fishing Ship ×5 |
| 23:27 | Construir | Dock |
| 23:27 | Edad | Edad de los Castillos |
| 23:36 | Construir | Town Center |
| 23:46 | Crear | Villager (Male) |
| 23:46 | Crear | Villager (Male) |
| 23:47 | Crear | Villager (Male) |
| 23:47 | Crear | Villager (Male) |
| 23:47 | Crear | Villager (Male) |
| 24:09 | Construir | House |
| 24:10 | Construir | House |
| 24:10 | Construir | House |
| 24:11 | Construir | House |
| 24:12 | Construir | House |
| 24:14 | Construir | House |
| 24:15 | Construir | House |
| 24:38 | Crear | Villager (Male) ×5 |
| 24:39 | Crear | Villager (Male) ×5 |
| 24:39 | Crear | Villager (Male) ×5 |
| 24:47 | Construir | Castle |
| 25:05 | Investigar | Bow Saw |
| 25:06 | Investigar | Gold Mining |
| 25:11 | Investigar | Gold Mining |
| 25:14 | Investigar | Stone Mining |
| 25:47 | Construir | Dock |
| 25:50 | Construir | Dock |
| 26:10 | Investigar | Gillnets |
| 26:11 | Crear | Fishing Ship ×5 |
| 26:20 | Crear | Villager (Male) |
| 26:21 | Crear | Villager (Male) |
| 26:21 | Crear | Villager (Male) |
| 26:55 | Construir | Monastery |
| 26:59 | Construir | House |
| 27:00 | Construir | House |
| 27:16 | Crear | Fishing Ship ×5 |
| 27:34 | Crear | Monaspa ×4 |
| 27:34 | Crear | Monaspa ×4 |
| 27:34 | Crear | Monaspa ×4 |
| 27:53 | Crear | Monaspa ×2 |
| 28:13 | Crear | Monaspa |
| 28:46 | Construir | Barracks |
| 28:52 | Crear | Monaspa |
| 28:58 | Crear | Monaspa |
Build order — ~~
129 acciones detectadas en el replay
| 0:05 | Crear | Villager (Male) |
| 0:05 | Crear | Villager (Male) |
| 0:05 | Crear | Villager (Male) |
| 0:05 | Crear | Villager (Male) |
| 1:58 | Crear | Villager (Male) |
| 1:59 | Crear | Villager (Male) |
| 2:18 | Crear | Villager (Male) |
| 2:57 | Crear | Villager (Male) |
| 4:07 | Crear | Villager (Male) |
| 4:08 | Crear | Villager (Male) |
| 4:09 | Crear | Villager (Male) |
| 5:19 | Crear | Villager (Male) |
| 5:19 | Crear | Villager (Male) |
| 6:02 | Construir | Dock |
| 6:10 | Crear | Villager (Male) |
| 6:11 | Crear | Villager (Male) |
| 6:12 | Crear | Villager (Male) |
| 6:43 | Construir | Lumber Camp |
| 7:00 | Crear | Villager (Male) |
| 7:08 | Crear | Fishing Ship |
| 7:11 | Crear | Fishing Ship |
| 8:15 | Investigar | Loom |
| 8:48 | Investigar | Feudal Age |
| 9:23 | Crear | Villager (Male) |
| 9:30 | Crear | Fishing Ship |
| 9:30 | Crear | Fishing Ship |
| 10:52 | Construir | Mining Camp |
| 10:56 | Crear | Villager (Male) |
| 10:56 | Crear | Villager (Male) |
| 10:56 | Crear | Villager (Male) |
| 10:58 | Edad | Edad Feudal |
| 11:00 | Investigar | Double-Bit Axe |
| 11:06 | Crear | Unit 2626 |
| 11:07 | Crear | Fishing Ship |
| 11:08 | Crear | Fishing Ship |
| 12:02 | Crear | Unit 2626 |
| 12:26 | Crear | Villager (Male) |
| 12:27 | Crear | Villager (Male) |
| 12:28 | Crear | Villager (Male) |
| 12:56 | Construir | Barracks |
| 13:23 | Construir | Watch Tower |
| 13:47 | Construir | Mill |
| 14:08 | Crear | Unit 2626 |
| 14:08 | Crear | Unit 2626 |
| 14:34 | Construir | Farm |
| 14:43 | Crear | Spearman |
| 14:59 | Crear | Villager (Male) |
| 15:00 | Crear | Villager (Male) |
| 15:00 | Crear | Villager (Male) |
| 15:00 | Crear | Villager (Male) |
| 15:36 | Construir | Farm |
| 15:44 | Construir | Farm |
| 15:52 | Construir | Farm |
| 16:00 | Construir | Farm |
| 16:08 | Investigar | Horse Collar |
| 16:12 | Crear | Villager (Male) |
| 16:12 | Crear | Villager (Male) |
| 16:32 | Investigar | Tech 906 |
| 16:41 | Construir | Farm |
| 17:01 | Construir | Stone Wall |
| 17:06 | Crear | Villager (Male) |
| 17:06 | Crear | Villager (Male) |
| 17:25 | Construir | Stone Wall |
| 17:45 | Construir | Stone Wall |
| 17:57 | Crear | Fishing Ship |
| 17:58 | Crear | Fishing Ship |
| 18:08 | Construir | Farm |
| 18:09 | Construir | Farm |
| 18:09 | Construir | Farm |
| 18:10 | Construir | Farm |
| 18:28 | Construir | Gate |
| 18:33 | Construir | Stone Wall |
| 18:37 | Crear | Villager (Male) |
| 18:37 | Crear | Villager (Male) |
| 18:38 | Crear | Villager (Male) |
| 19:11 | Crear | Spearman |
| 19:34 | Construir | Stone Wall |
| 19:39 | Crear | Villager (Male) |
| 19:39 | Crear | Villager (Male) |
| 19:42 | Crear | Fishing Ship |
| 19:43 | Crear | Fishing Ship |
| 19:45 | Crear | Fishing Ship |
| 20:05 | Construir | Stone Wall |
| 20:21 | Crear | Villager (Male) |
| 20:29 | Construir | Blacksmith |
| 20:38 | Construir | Market |
| 21:50 | Investigar | Castle Age |
| 21:54 | Crear | Fishing Ship |
| 22:01 | Investigar | Fletching |
| 22:22 | Construir | Mining Camp |
| 22:34 | Construir | Stone Wall |
| 22:51 | Construir | Stone Wall |
| 22:55 | Construir | Gate |
| 23:17 | Construir | Stone Wall |
| 23:21 | Crear | Villager (Male) |
| 23:21 | Crear | Villager (Male) |
| 23:21 | Crear | Villager (Male) |
| 23:35 | Crear | Trade Cart |
| 23:35 | Crear | Trade Cart |
| 23:44 | Investigar | Stone Mining |
| 23:46 | Investigar | Gold Mining |
| 23:52 | Investigar | Forging |
| 24:05 | Crear | Fishing Ship |
| 24:12 | Crear | Fishing Ship |
| 24:30 | Edad | Edad de los Castillos |
| 25:08 | Construir | Town Center |
| 25:24 | Investigar | Gillnets |
| 25:28 | Crear | Villager (Male) |
| 25:29 | Crear | Villager (Male) |
| 25:29 | Crear | Villager (Male) |
| 25:29 | Crear | Villager (Male) |
| 25:30 | Crear | Villager (Male) |
| 25:51 | Construir | Castle |
| 25:55 | Construir | Mining Camp |
| 26:27 | Construir | Monastery |
| 26:36 | Construir | Lumber Camp |
| 27:34 | Crear | Villager (Male) ×5 |
| 27:34 | Crear | Villager (Male) ×5 |
| 27:43 | Investigar | Wheelbarrow |
| 27:44 | Crear | Villager (Male) |
| 27:44 | Crear | Villager (Male) |
| 27:46 | Crear | Monk |
| 27:59 | Construir | University |
| 29:23 | Investigar | Ballistics |
| 29:33 | Crear | Villager (Male) |
| 29:33 | Crear | Villager (Male) |
| 30:31 | Investigar | Imperial Age |
| 30:38 | Crear | Villager (Male) |
| 30:39 | Crear | Villager (Male) |
Build order — rodrigoalex3500
Primeras 150 de 183 acciones detectadas
| 0:12 | Construir | House |
| 0:15 | Crear | Villager (Male) |
| 0:15 | Crear | Villager (Male) |
| 0:16 | Crear | Villager (Male) |
| 0:16 | Crear | Villager (Male) |
| 0:16 | Crear | Villager (Male) |
| 0:54 | Investigar | Loom |
| 1:33 | Construir | House |
| 2:02 | Crear | Villager (Male) |
| 2:02 | Crear | Villager (Male) |
| 2:09 | Construir | House |
| 2:54 | Construir | Mill |
| 2:58 | Crear | Villager (Male) |
| 2:59 | Crear | Villager (Male) |
| 2:59 | Crear | Villager (Male) |
| 2:59 | Crear | Villager (Male) |
| 3:23 | Crear | Villager (Male) |
| 3:24 | Crear | Villager (Male) |
| 3:24 | Crear | Villager (Male) |
| 4:03 | Crear | Villager (Male) |
| 4:03 | Crear | Villager (Male) |
| 4:45 | Crear | Villager (Male) |
| 4:45 | Crear | Villager (Male) |
| 5:11 | Construir | Lumber Camp |
| 5:13 | Crear | Villager (Male) |
| 5:14 | Crear | Villager (Male) |
| 5:14 | Crear | Villager (Male) |
| 5:53 | Crear | Villager (Male) |
| 6:27 | Crear | Villager (Male) |
| 6:28 | Crear | Villager (Male) |
| 6:28 | Crear | Villager (Male) |
| 8:42 | Investigar | Feudal Age |
| 8:42 | Investigar | Feudal Age |
| 10:37 | Construir | House |
| 10:40 | Construir | House |
| 10:52 | Edad | Edad Feudal |
| 10:54 | Investigar | Wheelbarrow |
| 10:58 | Investigar | Double-Bit Axe |
| 10:58 | Investigar | Double-Bit Axe |
| 11:02 | Investigar | Town Watch |
| 11:02 | Investigar | Town Watch |
| 11:02 | Investigar | Town Watch |
| 11:20 | Construir | Barracks |
| 11:27 | Construir | Stone Wall |
| 11:31 | Construir | Gate |
| 11:42 | Construir | House |
| 11:49 | Investigar | Horse Collar |
| 11:53 | Crear | Villager (Male) |
| 11:54 | Crear | Villager (Male) |
| 11:54 | Crear | Villager (Male) |
| 11:54 | Crear | Villager (Male) |
| 11:54 | Crear | Villager (Male) |
| 11:55 | Crear | Villager (Male) |
| 11:55 | Crear | Villager (Male) |
| 12:30 | Construir | Stone Wall |
| 12:53 | Construir | Mining Camp |
| 13:07 | Construir | Blacksmith |
| 13:28 | Construir | Stone Wall |
| 13:40 | Investigar | Stone Mining |
| 13:46 | Investigar | Gold Mining |
| 13:46 | Investigar | Gold Mining |
| 14:02 | Construir | Farm |
| 14:28 | Construir | Farm |
| 14:45 | Construir | House |
| 14:49 | Construir | House |
| 14:55 | Construir | House |
| 15:01 | Crear | Villager (Male) |
| 15:01 | Crear | Villager (Male) |
| 15:01 | Crear | Villager (Male) |
| 15:08 | Construir | Farm |
| 15:37 | Construir | Farm |
| 15:43 | Construir | Farm |
| 15:49 | Construir | Farm |
| 15:52 | Crear | Villager (Male) |
| 15:53 | Crear | Villager (Male) |
| 15:53 | Crear | Villager (Male) |
| 16:04 | Construir | Farm |
| 16:26 | Construir | Stone Wall |
| 16:35 | Crear | Villager (Male) |
| 16:35 | Crear | Villager (Male) |
| 16:35 | Crear | Villager (Male) |
| 16:52 | Construir | Market |
| 16:58 | Crear | Villager (Male) |
| 16:58 | Crear | Villager (Male) |
| 17:07 | Construir | Lumber Camp |
| 17:16 | Construir | Farm |
| 17:23 | Construir | Farm |
| 17:34 | Construir | Farm |
| 17:39 | Construir | Farm |
| 17:48 | Construir | Farm |
| 17:52 | Crear | Villager (Male) |
| 17:52 | Crear | Villager (Male) |
| 17:52 | Crear | Villager (Male) |
| 17:52 | Crear | Villager (Male) |
| 17:52 | Crear | Villager (Male) |
| 18:26 | Construir | Farm |
| 18:40 | Crear | Villager (Male) |
| 18:40 | Crear | Villager (Male) |
| 18:40 | Crear | Villager (Male) |
| 18:41 | Crear | Villager (Male) |
| 18:41 | Crear | Villager (Male) |
| 18:50 | Construir | Stone Wall |
| 18:59 | Construir | Farm |
| 19:08 | Construir | Farm |
| 19:29 | Construir | Farm |
| 19:43 | Construir | Farm |
| 20:04 | Crear | Villager (Male) |
| 20:05 | Crear | Villager (Male) |
| 20:05 | Crear | Villager (Male) |
| 20:15 | Construir | Farm |
| 20:28 | Construir | Farm |
| 20:35 | Construir | Farm |
| 20:49 | Crear | Spearman |
| 20:49 | Crear | Spearman |
| 20:50 | Crear | Spearman |
| 20:50 | Crear | Spearman |
| 21:30 | Investigar | Castle Age |
| 21:30 | Investigar | Castle Age |
| 21:34 | Crear | Spearman |
| 21:34 | Crear | Spearman |
| 21:56 | Construir | House |
| 22:50 | Crear | Spearman |
| 22:51 | Crear | Spearman |
| 23:01 | Crear | Spearman |
| 23:09 | Construir | Stone Wall |
| 23:40 | Crear | Spearman |
| 24:10 | Edad | Edad de los Castillos |
| 24:17 | Investigar | Town Patrol |
| 24:27 | Construir | Town Center |
| 24:43 | Construir | Gate |
| 25:07 | Crear | Villager (Male) |
| 25:07 | Crear | Villager (Male) |
| 25:07 | Crear | Villager (Male) |
| 25:07 | Crear | Villager (Male) |
| 25:08 | Crear | Villager (Male) |
| 25:08 | Crear | Villager (Male) |
| 25:08 | Crear | Villager (Male) |
| 25:08 | Crear | Villager (Male) |
| 25:24 | Crear | Villager (Male) |
| 25:24 | Crear | Villager (Male) |
| 25:25 | Crear | Villager (Male) |
| 25:25 | Crear | Villager (Male) |
| 25:25 | Crear | Villager (Male) |
| 25:27 | Crear | Villager (Male) |
| 25:27 | Crear | Villager (Male) |
| 25:28 | Crear | Villager (Male) |
| 25:35 | Construir | House |
| 26:08 | Construir | Monastery |
| 26:16 | Construir | Farm |
| 26:51 | Construir | House |
Build order — Nino der Dino
134 acciones detectadas en el replay
| 0:03 | Crear | Villager (Male) |
| 0:03 | Crear | Villager (Male) |
| 0:03 | Crear | Villager (Male) |
| 0:10 | Construir | House |
| 0:12 | Construir | House |
| 1:03 | Crear | Villager (Male) |
| 1:03 | Crear | Villager (Male) |
| 2:14 | Crear | Villager (Male) |
| 2:14 | Crear | Villager (Male) |
| 2:38 | Crear | Villager (Male) |
| 2:38 | Crear | Villager (Male) |
| 3:06 | Investigar | Loom |
| 3:06 | Investigar | Loom |
| 3:07 | Crear | Villager (Male) |
| 3:07 | Crear | Villager (Male) |
| 3:40 | Crear | Villager (Male) |
| 3:40 | Crear | Villager (Male) |
| 4:37 | Crear | Villager (Male) |
| 4:54 | Construir | Dock |
| 5:05 | Crear | Villager (Male) |
| 5:05 | Crear | Villager (Male) |
| 5:17 | Construir | Lumber Camp |
| 5:24 | Construir | House |
| 5:25 | Construir | House |
| 5:56 | Crear | Villager (Male) |
| 5:57 | Crear | Villager (Male) |
| 5:57 | Crear | Villager (Male) |
| 5:57 | Crear | Villager (Male) |
| 5:57 | Crear | Villager (Male) |
| 6:07 | Construir | House |
| 6:14 | Crear | Villager (Male) |
| 6:14 | Crear | Villager (Male) |
| 6:25 | Crear | Villager (Male) |
| 6:26 | Crear | Villager (Male) |
| 7:14 | Crear | Villager (Male) |
| 7:14 | Crear | Villager (Male) |
| 7:15 | Crear | Villager (Male) |
| 7:30 | Crear | Villager (Male) |
| 7:30 | Crear | Villager (Male) |
| 7:49 | Construir | Mining Camp |
| 8:47 | Crear | Fishing Ship |
| 8:47 | Crear | Fishing Ship |
| 8:59 | Crear | Fishing Ship |
| 9:58 | Construir | Barracks |
| 10:07 | Construir | House |
| 11:14 | Investigar | Feudal Age |
| 11:23 | Construir | House |
| 12:05 | Crear | Villager (Male) ×4 |
| 13:24 | Edad | Edad Feudal |
| 13:31 | Construir | Stable |
| 13:46 | Construir | Stable |
| 13:59 | Investigar | Wheelbarrow |
| 14:00 | Crear | Villager (Male) ×2 |
| 14:06 | Crear | Fishing Ship |
| 14:07 | Investigar | Tech 906 |
| 14:26 | Construir | Dock |
| 14:43 | Construir | Archery Range |
| 15:02 | Crear | Villager (Male) ×2 |
| 15:02 | Crear | Villager (Male) ×2 |
| 15:03 | Crear | Villager (Male) ×2 |
| 15:03 | Crear | Villager (Male) |
| 15:15 | Construir | Lumber Camp |
| 15:51 | Construir | House |
| 15:54 | Construir | House |
| 15:56 | Construir | House |
| 16:26 | Construir | Blacksmith |
| 17:05 | Construir | Lumber Camp |
| 17:28 | Construir | House |
| 17:29 | Construir | House |
| 17:36 | Construir | Palisade Wall |
| 18:11 | Investigar | Bloodlines |
| 18:13 | Crear | Scout Cavalry ×4 |
| 18:13 | Crear | Scout Cavalry ×4 |
| 19:05 | Construir | Mill |
| 19:23 | Crear | Scout Cavalry ×3 |
| 19:24 | Crear | Scout Cavalry ×3 |
| 20:00 | Construir | House |
| 20:02 | Construir | House |
| 20:03 | Construir | House |
| 20:22 | Investigar | Scale Barding Armor |
| 20:51 | Construir | Farm |
| 20:52 | Construir | Farm |
| 20:54 | Construir | Farm |
| 20:56 | Construir | Farm |
| 20:58 | Construir | Farm |
| 21:24 | Investigar | Forging |
| 23:01 | Construir | Stable |
| 23:02 | Construir | Stable |
| 23:04 | Construir | Stable |
| 23:07 | Construir | Stable |
| 23:08 | Construir | Stable |
| 23:16 | Construir | House |
| 23:18 | Construir | House |
| 23:21 | Construir | House |
| 24:42 | Construir | Farm |
| 24:43 | Construir | Farm |
| 24:45 | Construir | Farm |
| 24:46 | Construir | Farm |
| 25:15 | Construir | House |
| 25:40 | Investigar | Castle Age |
| 25:40 | Investigar | Castle Age |
| 26:08 | Construir | Lumber Camp |
| 26:40 | Crear | Villager (Male) ×3 |
| 26:41 | Crear | Villager (Male) ×3 |
| 26:45 | Crear | Villager (Male) |
| 26:48 | Crear | Villager (Male) |
| 27:06 | Construir | Farm |
| 27:08 | Construir | Farm |
| 27:09 | Construir | Farm |
| 27:11 | Construir | Farm |
| 27:11 | Construir | Farm |
| 27:12 | Construir | Farm |
| 27:13 | Construir | Farm |
| 27:13 | Construir | Farm |
| 27:14 | Construir | Farm |
| 27:15 | Construir | Farm |
| 27:15 | Construir | Farm |
| 27:15 | Construir | Farm |
| 27:15 | Construir | Farm |
| 27:16 | Construir | Farm |
| 27:16 | Construir | Farm |
| 27:18 | Construir | Farm |
| 27:21 | Crear | Villager (Male) ×2 |
| 27:21 | Crear | Villager (Male) ×2 |
| 28:04 | Construir | Market |
| 28:11 | Construir | Palisade Wall |
| 28:20 | Edad | Edad de los Castillos |
| 28:39 | Construir | Palisade Gate |
| 28:44 | Construir | House |
| 28:55 | Crear | Villager (Male) ×5 |
| 29:12 | Construir | Town Center |
| 29:18 | Investigar | Husbandry |
| 30:02 | Construir | Farm |
| 30:17 | Investigar | Hand Cart |
Cronología de la partida
| 4:54 | Nino der Dino · first_building Dock |
| 6:02 | ~~ · first_building Dock |
| 6:25 | Aurora · first_building Dock |
| 6:39 | Hanzani · wall_segment Palisade Wall x10 |
| 6:42 | vevix22 · first_building Dock |
| 7:35 | Hanzani · wall_segment Palisade Wall x1 |
| 8:04 | pohuito ergo sum · first_building Dock |
| 9:58 | Nino der Dino · first_building Barracks |
| 10:52 | rodrigoalex3500 · age_up feudal |
| 10:58 | ~~ · age_up feudal |
| 11:20 | rodrigoalex3500 · first_building Barracks |
| 11:24 | Hanzani · wall_segment Palisade Wall x9 |
| 11:27 | rodrigoalex3500 · wall_segment Stone Wall x4 |
| 11:30 | pohuito ergo sum · age_up feudal |
| 12:30 | rodrigoalex3500 · wall_segment Stone Wall x8 |
| 12:34 | vevix22 · first_building Barracks |
| 12:56 | ~~ · first_building Barracks |
| 12:57 | Hanzani · first_building Barracks |
| 13:14 | vevix22 · age_up feudal |
| 13:24 | Nino der Dino · age_up feudal |
| 13:28 | rodrigoalex3500 · wall_segment Stone Wall x24 |
| 13:31 | Nino der Dino · first_building Stable |
| 13:48 | Sirbors!! · first_building Barracks |
| 13:54 | pohuito ergo sum · first_market_buy 100 food |
| 13:54 | Hanzani · age_up feudal |
| 13:55 | Aurora · age_up feudal |
| 14:08 | Sirbors!! · age_up feudal |
| 14:43 | Nino der Dino · first_building Archery Range |
| 14:57 | pohuito ergo sum · wall_segment Palisade Wall x4 |
| 15:01 | Sirbors!! · first_building Stable |
| 15:13 | pohuito ergo sum · first_building Barracks |
| 16:26 | rodrigoalex3500 · wall_segment Stone Wall x13 |
| 16:58 | pohuito ergo sum · age_up castle |
| 17:01 | ~~ · wall_segment Stone Wall x15 |
| 17:15 | Hanzani · first_market_buy 100 food |
| 17:17 | vevix22 · resign |
| 17:25 | ~~ · wall_segment Stone Wall x18 |
| 17:36 | Nino der Dino · wall_segment Palisade Wall x2 |
| 17:45 | ~~ · wall_segment Stone Wall x8 |
| 17:51 | pohuito ergo sum · first_building Archery Range |
| 18:33 | ~~ · wall_segment Stone Wall x1 |
| 18:50 | rodrigoalex3500 · wall_segment Stone Wall x11 |
| 19:34 | ~~ · wall_segment Stone Wall x3 |
| 19:52 | Hanzani · first_market_sell 100 stone |
| 19:57 | Hanzani · age_up castle |
| 20:05 | ~~ · wall_segment Stone Wall x5 |
| 20:22 | Hanzani · first_building Castle |
| 21:06 | rodrigoalex3500 · first_market_buy 100 food |
| 21:07 | pohuito ergo sum · first_market_sell 100 wood |
| 21:20 | pohuito ergo sum · first_building Stable |
| 21:27 | rodrigoalex3500 · first_market_sell 100 wood |
| 22:04 | Sirbors!! · first_market_buy 100 food |
| 22:34 | ~~ · wall_segment Stone Wall x5 |
| 22:39 | Sirbors!! · first_building Archery Range |
| 22:51 | ~~ · wall_segment Stone Wall x11 |
| 23:09 | rodrigoalex3500 · wall_segment Stone Wall x6 |
| 23:17 | ~~ · wall_segment Stone Wall x13 |
| 23:27 | Aurora · age_up castle |
| 24:10 | rodrigoalex3500 · age_up castle |
| 24:26 | Hanzani · first_building Stable |
| 24:30 | ~~ · age_up castle |
| 24:47 | Aurora · first_building Castle |
| 24:48 | Sirbors!! · age_up castle |
| 25:51 | ~~ · first_building Castle |
| 26:08 | rodrigoalex3500 · first_building Monastery |
| 26:27 | ~~ · first_building Monastery |
| 26:55 | Aurora · first_building Monastery |
| 28:11 | Nino der Dino · wall_segment Palisade Wall x5 |
| 28:20 | Nino der Dino · age_up castle |
| 28:46 | Aurora · first_building Barracks |
| 30:14 | rodrigoalex3500 · wall_segment Stone Wall x10 |
[ ANÁLISIS IA · 1 CRÉDITO ]
¿Qué pasó realmente en esta partida?
Wolo.gg analiza cada decisión: build order, eco, micro, errores típicos por bracket. Análisis personalizado por WhatsApp o Discord en 30 segundos.
Guía civ
Yurchen
Perfil
Jugador #15324658